Map: Ruins of Seras

Players

TheJestOne

  • Race: Zerg Zerg

Bop - Winner!

  • Race: Terran Terran

VOD

Have the link to the VOD?

Description

Time

  • Played on: May 1, 2015, 5:24 p.m.
  • Length: 7:43
Show
View Real Time Build Order
Export as new Build Order

TheJestOne Zerg 

Build Orders: 3 Hatch before Pool 

Get SALT Encoding   

  12  0:01  Drone  
  13  0:12  Overlord  
  13  0:17  Drone  
  14  0:30  Drone x2  
  14  0:35  Drone  
  17  0:44  Drone  
  18  0:59  Hatchery  
  18  1:01  Drone  
  18  1:06  Drone  
  19  1:31  Hatchery  
  18  1:33  Drone x2  
  18  1:38  Extractor  
  18  1:39  Drone  
  20  1:51  Spawning Pool  
  20  1:53  Drone  
  20  2:10  Overlord  
  19  2:16  Drone x2  
  21  2:35  Drone x2  
  23  2:39  Queen x2  
  23  2:40  Zergling x2  
  23  2:41  Zergling x2  
  29  2:45  Metabolic Boost  
  29  2:52  Zergling x2  
  29  2:57  Queen  
  30  3:24  Lair  
  30  3:26  Drone x6  
  30  3:27  Drone  
  37  3:43  Overlord  
  37  3:44  Zergling x8  
  39  3:53  Overlord  
  39  4:08  Zergling x2  
  39  4:09  Zergling x18  
  46  4:32  Drone x8, Hydralisk Den, Extractor  
  52  4:43  Evolution Chamber  
  51  4:54  Overlord  
  51  4:55  Drone x6  
  57  5:07  Lurker Den  
  56  5:13  Drone  
  56  5:14  Drone x8  
  65  5:17  Extractor x2  
  63  5:25  Zerg Missile Weapons Level 1  
  63  5:39  Overlord x3  
  60  5:59  Hydralisk x2  
  60  6:00  Hydralisk x5  
  60  6:03  Hydralisk  
  75  6:16  Overlord  
  75  6:17  Hydralisk x2  
  75  6:18  Hydralisk  
  80  6:34  Overseer  
  80  6:36  Hydralisk x2  
  80  6:37  Hydralisk  
  76  6:52  Lurker  
  71  6:55  Lurker  
  71  6:56  Zergling x2  
  71  6:57  Zergling x32  
Show
View Real Time Build Order
Export as new Build Order

Bop Terran - Winner!

Build Orders: Reaper Expand 

Get SALT Encoding   

  12  0:01  SCV  
  13  0:13  SCV  
  14  0:18  Supply Depot  
  14  0:25  SCV  
  15  0:39  SCV  
  15  0:41  Barracks  
  16  0:49  Refinery  
  16  0:51  SCV  
  17  1:03  SCV  
  18  1:16  SCV  
  19  1:30  Orbital Command  
  19  1:32  Reaper  
  20  1:48  Command Center  
  20  2:00  Supply Depot  
  20  2:04  Reaper  
  21  2:11  SCV  
  22  2:24  SCV  
  22  2:28  Refinery  
  23  2:36  SCV, Reaper  
  25  2:42  Barracks  
  25  2:43  Barracks  
  25  2:48  SCV  
  25  2:50  Bunker  
  26  3:00  SCV  
  27  3:08  Reaper  
  27  3:13  SCV, Orbital Command  
  27  3:14  Factory  
  28  3:25  SCV  
  29  3:37  SCV, Barracks Reactor  
  29  3:38  Barracks Reactor  
  30  3:47  Bunker  
  30  3:48  Supply Depot  
  30  3:49  SCV x2  
  32  4:01  SCV  
  33  4:12  Supply Depot  
  33  4:16  Barracks Tech Lab, Marine x4  
  36  4:18  Factory Reactor  
  36  4:19  Starport  
  36  4:22  Supply Depot  
  36  4:24  SCV x2  
  38  4:35  Supply Depot  
  38  4:36  SCV x2  
  40  4:41  Engineering Bay, Marine x5  
  40  4:44  Engineering Bay  
  45  4:48  SCV x2  
  47  5:00  Command Center, SCV, Marine x2  
  47  5:06  Stimpack  
  50  5:07  Marine  
  51  5:16  Terran Infantry Weapons Level 1, Terran Infantry Armor Level 1  
  51  5:18  SCV x2  
  51  5:21  Marine x4  
  55  5:22  Widow Mine  
  59  5:28  Marine  
  59  5:31  SCV x2  
  62  5:38  Marine  
  62  5:39  Medivac, Marine  
  62  5:40  Marine  
  62  5:41  Marine  
  68  5:43  SCV  
  68  5:45  SCV  
  68  5:46  Marine, Medivac  
  68  5:49  Refinery  
  73  5:55  SCV  
  73  5:56  Marine x2  
  77  5:57  SCV  
  77  5:58  Marine  
  77  6:02  Supply Depot  
  77  6:04  Supply Depot  
  78  6:09  Supply Depot x2  
  78  6:12  Marine x2  
  78  6:14  Medivac  
  78  6:18  Orbital Command  
  84  6:27  Factory Tech Lab  
  82  6:40  Marine x2  
  82  6:45  Orbital Command  
  78  6:49  Marine x3  
  78  6:53  Siege Tank, Medivac  
  84  6:58  Marine x2  
  84  7:00  SCV x2  
  88  7:01  Barracks  
  88  7:02  Refinery, Barracks x2  
  88  7:07  Marine x3  
  88  7:08  Supply Depot  
  91  7:11  Sensor Tower  
  91  7:12  SCV  
  92  7:16  Marine x2  
  94  7:25  Marine  
Tags
 
Add a new tag
Caveats
  • Supply blocks, unpowered buildings, or Contaminate may cause inaccurate times.
  • Supply counts are checked every 10 seconds.